 Dungeon Crawl Stone Soup version 0.20-a0-2-g2b0e13a (webtiles) character file.

203 varam the Magician (level 5, -1/35 HPs)
             Began as a Demonspawn Wizard on Oct 28, 2016.
             Slain by Robin
             ... wielding a cursed +0 short sword
              (4 damage)
             ... on level 3 of the Dungeon on Oct 29, 2016.
             The game lasted 00:07:01 (2797 turns).

varam the Magician (Demonspawn Wizard)              Turns: 2797, Time: 00:07:02

Health: -1/35      AC:  3    Str: 13    XL:     5   Next: 51%
Magic:  8/11       EV: 12    Int: 20    God:
Gold:   72         SH:  0    Dex: 11    Spells: 2 memorised, 9 levels left

rFire  + . .     SeeInvis .     f - +1 spear (venom)
rCold  x . .     Gourm    .     a - +0 robe
rNeg   . . .     Faith    .     (no shield)
rPois  .         Spirit   .     b - +0 hat
rElec  .         Reflect  .     (no cloak)
rCorr  .         Harm     .     (no gloves)
MR     .....                    j - +0 pair of boots
Stlth  ++........               (no amulet)
                                (no ring)
                                k - ring of fire

@: mighty
A: powered by pain 1, rot immunity
a: no special abilities


You were on level 3 of the Dungeon.
You were not hungry.

You visited 1 branch of the dungeon, and saw 4 of its levels.

You collected 72 gold pieces.

Inventory:

Hand Weapons
 f - a +1 spear of venom (weapon)
Armour
 a - a +0 robe (worn)
 b - a +0 hat (worn)
 j - a +0 pair of boots (worn)
Jewellery
 k - a ring of fire (left hand)
Wands
 s - a wand of teleportation (2/9)
Scrolls
 e - 2 scrolls of enchant weapon {unknown}
 h - a scroll of teleportation {unknown}
 m - 2 scrolls of remove curse {unknown}
 n - a scroll of enchant armour {unknown}
 o - 2 scrolls of identify {unknown}
Potions
 i - 3 potions of brilliance {unknown}
 p - 2 potions of curing {unknown}
 q - 2 potions of might
Books
 c - a book of Minor Magic

   Spells                             Type                      Level
   a - Magic Dart                     Conjuration                  1
   b - Blink                          Translocation                2
   c - Call Imp                       Summoning                    2
   d - Repel Missiles                 Charms/Air                   2
   e - Slow                           Hexes                        2
   f - Conjure Flame                  Conjuration/Fire             3
   g - Mephitic Cloud                 Conjuration/Poison/Air       3
Comestibles
 d - 5 bread rations
 g - 2 meat rations
 l - a slice of pizza
 r - 4 chunks of flesh


   Skills:
 - Level 1.7 Dodging
 - Level 1.7 Stealth
 + Level 4.3 Spellcasting
 - Level 1.0 Conjurations
 * Level 4.2 Summonings
   Level 0.8 Translocations


You had 9 spell levels left.
You knew the following spells:

 Your Spells              Type           Power        Failure   Level  Hunger
a - Magic Dart            Conj           #...         10%         1    None
c - Call Imp              Summ           ###.....     3%          2    #......


Dungeon Overview and Level Annotations

Branches:
Dungeon (4/15)
 Temple: D:4-7

Altars:

Annotations:
D:3 Grinder, Robin


Innate Abilities, Weirdness & Mutations

You sometimes gain a little power by taking damage.
You are immune to rotting.


Message History

The goblin hits you.
* * * LOW HITPOINT WARNING * * *
Your crimson imp hits Robin but does no damage.
The hobgoblin misses your crimson imp. Robin completely misses you.
Your white imp closely misses the goblin.
The goblin hits you.
* * * LOW HITPOINT WARNING * * *
Your crimson imp hits Robin but does no damage.
It was a potion of might.
You feel very mighty all of a sudden.
The hobgoblin no longer looks unusually strong.
The hobgoblin barely misses your crimson imp.
Robin roars a battlecry!
The hobgoblin goes into a battle-frenzy!
Your white imp hits the goblin.
The goblin dies!
Your crimson imp closely misses the hobgoblin.
You closely miss Robin. The hobgoblin hits your crimson imp.
Robin hits you with a short sword.
You die...

#####.##.#..##..#
#........#..#...#
###.#.##.#..#...#
#...#........<..#
#.###....#.##.###
#.#####.......#
#....<.....####
####5###.### #@#
.# ###g# #)5.#
#g#.# #r#.# #.###


ggg .rg #...g You could see Robin, a hobgoblin, a rat, a friendly crimson imp
and a friendly white imp.

Vanquished Creatures
  A howler monkey (D:4)
  Ijyb (D:3)
  A worker ant (D:4)
  An adder (D:3)
  An ooze (D:3)
  4 dart slugs
  A leopard gecko (D:1)
  2 orcs
  4 bats
  A giant cockroach (D:1)
  12 goblins
  6 hobgoblins
  2 jackals
  3 kobolds
  A quokka (D:2)
  2 frilled lizards (D:1)
  5 rats
48 creatures vanquished.

Vanquished Creatures (collateral kills)
  An orc wizard (D:2)
  A worker ant (D:3)
  A worm (D:2)
  2 orcs (D:2)
  2 goblins (D:3)
  A jackal (D:2)
  A quokka (D:2)
  A bat (D:3)
10 creatures vanquished.

Grand Total: 58 creatures vanquished

Notes
Turn   | Place    | Note
-------+----------+-------------------------------------------
     0 | D:1      | varam the Demonspawn Wizard began the quest for the Orb.
     0 | D:1      | Reached XP level 1. HP: 13/13 MP: 4/4
   420 | D:1      | Gained mutation: You sometimes gain a little power by taking damage. [demonic ancestry]
   420 | D:1      | Reached XP level 2. HP: 19/19 MP: 1/6
   424 | D:1      | Learned a level 2 spell: Call Imp
   879 | D:2      | Reached skill level 2 in Summonings
   884 | D:2      | Gained mutation: You are immune to rotting. [demonic ancestry]
   884 | D:2      | Reached XP level 3. HP: 15/24 MP: 0/8
  1994 | D:3      | Noticed Ijyb
  2005 | D:3      | Killed Ijyb
  2005 | D:3      | Reached skill level 4 in Spellcasting
  2005 | D:3      | Reached skill level 3 in Summonings
  2005 | D:3      | Reached XP level 4. HP: 24/30 MP: 7/10
  2121 | D:3      | HP: 3/30 [poisoned by a worker ant]
  2392 | D:3      | Noticed Grinder
  2468 | D:4      | Reached XP level 5. HP: 28/35 MP: 11/11
  2479 | D:4      | Reached skill level 4 in Summonings
  2768 | D:3      | Noticed Robin
  2795 | D:3      | HP: 3/35 [goblin[Robin] (2)]
  2797 | D:3      | Slain by Robin

Vault maps used:
D:1:      matt_arrival_los_fun, minmay_surrounded
D:2:      lemuel_upstairs_altar
D:3:      first_bread, uniq_robin, uniq_iyjb, uniq_grinder

Skill      XL: |  1  2  3  4  5 |
---------------+----------------+-----
Summonings     | 2 3 4 |  4.2
Spellcasting   | 4 |  4.3
Dodging        | |  1.7
Stealth        | |  1.7
Conjurations   | |  1.0
Translocations | |  0.8

Action                   |  1- 3 |  4- 6 || total
-------------------------+-------+-------++-------
Melee: Spear             |    74 |    65 ||   139
 Cast: Magic Dart        |    28 |       ||    28
       Call Imp          |     8 |     5 ||    13
  Use: Potion            |       |     1 ||     1
 Stab: Sleeping          |       |     1 ||     1
  Eat: Chunk             |     4 |     2 ||     6
Armor: Robe              |    17 |     5 ||    22
Dodge: Dodged            |    46 |    38 ||    84
